 Seeded DCSS version 0.28-a0-998-gb9e9c7b67e (webtiles) character file.

Game seed: 3527403583651477610 (custom seed)

93 croobank the Digger (level 4, -3/30 HPs)
             Began as a Formicid Earth Elementalist on Dec 6, 2021.
             Slain by Terence (9 damage)
             ... on level 3 of the Dungeon.
             The game lasted 00:20:40 (3708 turns).

croobank the Digger (Formicid Earth Elementalist)   Turns: 3708, Time: 00:20:41

Health: -3/30      AC:  4    Str: 15    XL:     4   Next: 91%
Magic:  2/8        EV: 11    Int: 14    God:
Gold:   57         SH:  0    Dex: 11    Spells: 4/8 levels left

rFire   . . .      SeeInvis +   m - staff of conjuration
rCold   . . .      Faith    .   (no shield)
rNeg    . . .      Spirit   .   d - +0 leather armour
rPois   .          Reflect  .   (helmet unavailable)
rElec   .          Harm     .   l - +0 cloak
rCorr   .          Rampage  .   (no gloves)
Will    .....                   (no boots)
Stlth   ++........              (no amulet)
HPRegen 0.10/turn               (no ring)
MPRegen 0.11/turn               (no ring)

@: no status effects
A: permanent stasis, dig shafts and tunnels, antennae 3, four strong arms
a: Dig, Shaft Self


You were on level 3 of the Dungeon.
You visited 1 branch of the dungeon, and saw 3 of its levels.

You collected 105 gold pieces.
You spent 48 gold pieces at shops.

Inventory:

Hand Weapons
 f - a +0 mace
 o - a +2 dagger of venom
Missiles
 c - 28 stones
 g - 6 javelins
 h - 8 arrows
 j - 14 sling bullets
Armour
 b - a +0 plate armour
 d - a +0 leather armour (worn)
 l - a +0 cloak (worn)
Magical Staves
 m - a staff of conjuration (weapon)
Scrolls
 a - a scroll of immolation {unknown}
 e - 2 scrolls of fog {unknown}
 i - a scroll of identify {unknown}
 n - a scroll of amnesia {unknown}
Potions
 k - a potion of resistance {unknown}


   Skills:
 - Level 0.1 Fighting
 - Level 0.1(0.5) Maces & Flails
 - Level 1.0 Staves
 - Level 1.1 Armour
 - Level 1.7 Dodging
 - Level 2.4 Stealth
 - Level 0.9 Unarmed Combat
 + Level 2.9 Spellcasting
 * Level 1.2 Conjurations
 - Level 1.1 Transmutations
 + Level 4.6 Earth Magic


You had 4 spell levels left.
You knew the following spells:

 Your Spells              Type           Power      Damage    Failure   Level
a - Sandblast             Erth           28%        2d8       4%          1
b - Stone Arrow           Conj/Erth      30%        3d8       24%         3

Your spell library contained the following spells:

 Spells                   Type           Power      Damage    Failure   Level
 Passwall                 Tmut/Erth      8%         N/A       12%         2
 Petrify                  Tmut/Erth      10%        N/A       63%         4


Dungeon Overview and Level Annotations

Branches:
Dungeon (3/15)

Altars:
Dithmenos

Shops:
D:1 *

Annotations:
D:3 Terence


Innate Abilities, Weirdness & Mutations

You cannot be hasted, slowed, berserked, paralysed or teleported.
You can dig through walls and to a lower floor.
You have a pair of large antennae on your head. (SInv)
Your four strong arms can wield two-handed weapons with a shield.


Message History

There is a stone staircase leading up here.
Aiming: Sandblast (safe; 4% risk of failure)
Press: ? - help, Q - select action, (/) - cycle Shift-Dir - straight line, f/p - Terence
Aim: Terence, wielding a +0 flail and wearing a +0 scale mail (almost dead, 82% to hit)
You miscast Sandblast.
You are very lightly contaminated with residual magic.
Nothing appears to happen.
Terence barely misses you.
You don't have enough magic to cast this spell.
You don't have enough magic to cast this spell.
Your magical contamination has completely faded away.
Found a faded altar of an unknown god.
Found 8 gold pieces.
Found a scroll labelled JELEMAJADI.
A quokka comes into view.
Aiming: Sandblast (safe; 4% risk of failure)
Press: ? - help, Q - select action, (/) - cycle Shift-Dir - straight line, f/p - Terence
Aim: Terence, wielding a +0 flail and wearing a +0 scale mail (almost dead, 82% to hit)
The blast of sand hits Terence but does no damage.
Terence is almost dead.
Terence barely misses you.
Aiming: Sandblast (safe; 4% risk of failure)
Press: ? - help, Q - select action, (/) - cycle Shift-Dir - straight line, f/p - Terence
Aim: Terence, wielding a +0 flail and wearing a +0 scale mail (almost dead, 82% to hit)
The blast of sand hits Terence but does no damage.
Terence is almost dead.
Terence hits you with a +0 flail!
* * * LOW HITPOINT WARNING * * *
Terence bares his teeth.
The quokka twitches its whiskers.
Found 4 gold pieces.
A goblin comes into view. It is wielding a +0 club.
Found a scratched golden ring.
Found a stone staircase leading down.
Aiming: Sandblast (safe; 4% risk of failure)
Press: ? - help, Q - select action, (/) - cycle Shift-Dir - straight line, f/p - Terence
Aim: Terence, wielding a +0 flail and wearing a +0 scale mail (almost dead, 82% to hit)
The blast of sand hits Terence.
Terence is almost dead.
The quokka barely misses you. Terence hits you with a +0 flail!
You die...

#. ######..## ##
#.###........# #.
#.............# .
#>.........#...## .
#.........# #...####
#.........# #......
#.........# #♣_....
#.=@r.....# ##......
##..@.....###...####
#.........#.?.## #.
#########....## #.
#...## ## #..## #
#... # #.... .
#..$..


You could see Terence and a quokka.

Vanquished Creatures
  4 gnolls
  A worm (D:2)
  2 dart slugs (D:1)
  3 endoplasms
  3 giant cockroaches
  5 goblins
  6 hobgoblins
  3 jackals (D:1)
  3 quokkas (D:1)
  3 ball pythons (D:2)
  5 bats
  A frilled lizard (D:1)
  3 kobolds
  3 rats (D:1)
45 creatures vanquished.

Notes
Turn   | Place    | Note
-------+----------+-------------------------------------------
     0 | D:1      | croobank the Formicid Earth Elementalist began the quest
                  | for the Orb.
     0 | D:1      | Reached XP level 1. HP: 13/13 MP: 3/3
   231 | D:1      | Reached skill level 4 in Earth Magic
   247 | D:1      | Reached XP level 2. HP: 4/19 MP: 0/5
   907 | D:1      | Reached XP level 3. HP: 15/24 MP: 1/6
  1131 | D:1      | Found Eheaneh's General Store.
  1272 | D:1      | Reached skill level 1 in Staves
  1708 | D:2      | Found a shadowy altar of Dithmenos.
  1830 | D:2      | Reached skill level 1 in Armour
  2119 | D:2      | Learned a level 3 spell: Stone Arrow
  2453 | D:2      | Reached XP level 4. HP: 30/30 MP: 7/7
  2769 | D:1      | Bought 21 stones for 23 gold pieces
  2769 | D:1      | Bought 23 stones for 25 gold pieces
  3169 | D:2      | Reached skill level 1 in Conjurations
  3633 | D:3      | Noticed Terence
  3686 | D:3      | Found a faded altar of an unknown god.
  3708 | D:3      | Slain by Terence

Illustrated notes

Levels and vault maps discovered:
D:1:      dpeg_arrival_chambers_temple_mockup, layout_loops_ring, serial_shops,
          shop_fountains
D:2:      mumra_celtic_spiral_tile, layout_basic, basic_altar
D:3:      layout_basic, hellmonk_ecumenical_altar_crossroads,
          gammafunk_ghost_split, uniq_terence, uniq_natasha, uniq_grinder

Skill      XL: |  1  2  3  4 |
---------------+-------------+-----
Earth Magic    | 4 |  4.6
Staves         | 1 |  1.0
Armour         | 1 |  1.1
Conjurations   | 1 |  1.2
Fighting       | |  0.1
Maces & Flails | |  0.1
Dodging        | |  1.7
Stealth        | |  2.4
Unarmed Combat | |  0.9
Spellcasting   | |  2.9
Transmutations | |  1.1

Action                   |  1- 3 |  4- 6 || total
-------------------------+-------+-------++-------
Melee: Unarmed           |    28 |       ||    28
       Mace              |    44 |       ||    44
       Staff             |    16 |    12 ||    28
Throw: Javelin           |    18 |     3 ||    21
 Cast: Sandblast         |    29 |    21 ||    50
       Stone Arrow       |       |     2 ||     2
  Use: Potion            |       |     2 ||     2
 Stab: Sleeping          |     2 |       ||     2
       Distracted        |     1 |       ||     1
Armor: Leather armour    |    38 |     7 ||    45
Dodge: Dodged            |    69 |    36 ||   105

Table legend: (Time is in decaauts)
 A = Elapsed time spent in this place.
 B = Non-inter-level travel time spent in this place.
 C = Inter-level travel time spent in this place.
 D = Time resting spent in this place.
 E = Time spent auto-exploring this place.
 F = Levels seen in this place.
 G = Mean time per level.
                   A        B        C        D        E       F      G
               +--------+--------+--------+--------+--------+-----+--------+
         Total |   3741 |   3611 |    130 |    724 |   1974 |   3 | 1247.0 |
       Dungeon |   3741 |   3611 |    130 |    724 |   1974 |   3 | 1247.0 |
               +--------+--------+--------+--------+--------+-----+--------+

Top non-repeatable levels by time:
     D:2: 1878 daAuts
     D:1: 1647 daAuts
     D:3: 215 daAuts
